 Dungeon Crawl Stone Soup version 0.13-a0-1585-g6f4f798 (webtiles) character file.

371 Kae the Chiller (level 5, -8/38 HPs)
             Began as a Draconian Ice Elementalist on June 12, 2013.
             Mangled by an ogre
             ... wielding a +0,+0 giant spiked club
              (26 damage)
             ... on Level 4 of the Dungeon.
             The game lasted 00:06:06 (3026 turns).

Kae the Chiller (Draconian Ice Elementalist)        Turns: 3026, Time: 00:06:06

HP  -8/38        AC  7     Str 10      XL: 5   Next: 88%
MP   7/10        EV 12     Int 17      God:
Gold 121         SH  0     Dex 11      Spells:  2 memorised,  6 levels left

Res.Fire  : . . .   See Invis. : .   g - -1,+1 orc dagger
Res.Cold  : . . .   Warding    : .   (armour unavailable)
Life Prot.: . . .   Conserve   : .   (no shield)
Res.Poison: .       Res.Corr.  : .   (helmet restricted)
Res.Elec. : .       Clarity    : +   (no cloak)
Sust.Abil.: . .     Spirit.Shd : .   (no gloves)
Res.Mut.  : .       Stasis     : .   v - +1 pair of dwarf boots (curse)
Res.Rott. : .       Flight     : .   h - amulet of clarity
Saprovore : . . .                    (no ring)
                                     (no ring)

@: slightly resistant to hostile enchantments, unstealthy
A: unfitting armour, AC +5
a: no special abilities


You were on level 4 of the Dungeon.
You were near starving.

You visited 1 branch of the dungeon, and saw 4 of its levels.

You collected 101 gold pieces.

Inventory:

Hand weapons
 g - a -1,+1 orcish dagger (weapon)
Armour
 v - a cursed +1 pair of dwarven boots (worn)
Magical devices
 j - a wand of random effects (11) {unknown}
 x - a wand of disintegration (2) {unknown}
Comestibles
 c - 3 bread rations
 k - 2 meat rations
 n - an apple
 r - a beef jerky
Scrolls
 a - 2 scrolls of teleportation
 e - 2 scrolls of remove curse
 f - a scroll of fog
 q - a scroll of identify
Jewellery
 h - an amulet of clarity (around neck)
Potions
 d - a potion of heal wounds {unknown}
 l - 2 potions of restore abilities {unknown}
 p - 2 potions of invisibility {unknown}
 s - a potion of poison {unknown}
 t - a potion of degeneration {unknown}
 w - a potion of brilliance {unknown}
Books
 b - a book of Frost

   Spells                             Type                      Level
   *Freeze                            Ice                          1
   *Throw Frost                       Conjuration/Ice              2
   Ozocubu's Armour                   Charms/Ice                   3
   Throw Icicle                       Conjuration/Ice              4
   Summon Ice Beast                   Ice/Summoning                4
   Condensation Shield                Ice                          4
 o - a book of Maledictions

   Spells                             Type                      Level
   Corona                             Hexes                        1
   Sure Blade                         Hexes/Charms                 2
   Ensorcelled Hibernation            Hexes/Ice                    2
   Confuse                            Hexes                        3
   Enslavement                        Hexes                        4
   Invisibility                       Hexes                        6


   Skills:
 - Level 1.7 Dodging
 - Level 1.7 Stealth
 + Level 2.8 Spellcasting
 * Level 3.4 Conjurations
 * Level 4.7 Ice Magic


You had 6 spell levels left.
You knew the following spells:

 Your Spells              Type           Power        Failure   Level  Hunger
a - Freeze                Ice            ###.         2%          1    #......
b - Throw Frost           Conj/Ice       ###...       6%          2    ##.....


Dungeon Overview and Level Annotations

Branches:
Dungeon (4/27)
 Temple: D:4-7

Altars:

Annotations
D:3 Grinder
D:4 exclusion: ogre


Message History

You freeze the bat.
You kill the bat!
The ogre hits you with a giant spiked club.
Casting: Freeze
Confirm with . or Enter, or press ? or * to list all spells.
Aiming: Freeze
Press: ? - help, Shift-Dir - straight line, f - ogre
Aim: an ogre, wielding a giant spiked club (lightly wounded)
You freeze the ogre.
The ogre is moderately wounded.
Casting: Freeze
Confirm with . or Enter, or press ? or * to list all spells.
Aiming: Freeze
Press: ? - help, Shift-Dir - straight line, f/p - ogre
Aim: an ogre, wielding a giant spiked club (moderately wounded)
You freeze the ogre.
The ogre is heavily wounded.
The ogre hits you with a giant spiked club!
Ouch! That really hurt!
You die...

........#.<.....#
.>..#####.....### .#.##
#.....# ..[# ######.###
.### #...##.# .#
#§#§§..# ######
.#####§§§##.## .....#
...§§§#§###..####%....#
...§§§§.# #.....@.....#
....§§### ##.####O....#
.###### #.# .....# .#
... ###### .# .... .#
#....# .# #.#### ## #.
#


You could see an ogre.

Vanquished Creatures
  An orc priest (D:4)
  2 worker ants (D:4)
  An orc wizard (D:4)
  Ijyb (D:3)
  3 adders (D:2)
  A giant mite (D:1)
  2 worms
  2 giant geckos
  4 orcs
  A giant cockroach (D:3)
  8 goblins
  15 hobgoblins
  9 jackals
  2 kobolds
  2 quokkas
  A ball python (D:1)
  10 bats
  A giant newt (D:1)
  A hobgoblin skeleton (D:4)
  9 rats
76 creatures vanquished.

Vanquished Creatures (others)
  A hobgoblin (D:1)
  A jackal (D:1)
2 creatures vanquished.

Grand Total: 78 creatures vanquished

Notes
Turn   | Place    | Note
--------------------------------------------------------------
     0 | D:1      | Kae, the Draconian Ice Elementalist, began the quest for the Orb.
     0 | D:1      | Reached XP level 1. HP: 14/14 MP: 3/3
   197 | D:1      | Reached XP level 2. HP: 11/20 MP: 4/4
   201 | D:1      | Learned a level 2 spell: Throw Frost
   683 | D:1      | Reached XP level 3. HP: 20/26 MP: 6/6
  1168 | D:2      | Reached XP level 4. HP: 26/33 MP: 8/8
  1732 | D:3      | Reached skill level 4 in Ice Magic
  2110 | D:3      | Noticed Ijyb
  2116 | D:3      | Noticed Grinder
  2123 | D:3      | Killed Ijyb
  2124 | D:3      | Paralysed by Grinder for 5 turns
  2304 | D:4      | Reached XP level 5. HP: 31/38 MP: 5/10
  2502 | D:4      | Noticed an ogre
  3021 | D:4      | Noticed an ogre
  3026 | D:4      | Mangled by an ogre

Action                   |  1- 3 |  4- 6 || total
-------------------------+-------+-------++-------
Melee: Unarmed           |   113 |    31 ||   144
       Dagger            |       |     1 ||     1
 Cast: Freeze            |    43 |    84 ||   127
  Use: Scroll            |       |    11 ||    11
 Stab: Sleeping          |       |     1 ||     1
